 Dungeon Crawl Stone Soup version 0.28.0-43-g3370ac3207 (webtiles) character file.

Game seed: 16756591698620118250

73 issech the Cudgeller (level 4, -3/44 HPs)
             Began as a Troll Monk on Mar 22, 2022.
             Slain by a gnoll
             ... wielding a +0 spear
              (4 damage)
             ... on level 2 of the Dungeon.
             The game lasted 00:04:56 (1534 turns).

issech the Cudgeller (Troll Monk)                   Turns: 1534, Time: 00:04:56

Health: -3/44      AC:  4    Str: 19    XL:     4   Next: 8%
Magic:  3/3        EV: 10    Int:  6    God:
Gold:   22         SH:  0    Dex: 14    Spells: 3/3 levels left

rFire   . . .      SeeInvis .   a - +0 mace
rCold   . . .      Faith    .   (no shield)
rNeg    . . .      Spirit   .   b - +0 robe
rPois   .          Reflect  .   (helmet restricted)
rElec   .          Harm     .   (no cloak)
rCorr   .          Rampage  .   (gloves unavailable)
Will    .....                   (boots unavailable)
Stlth   ++........              (no amulet)
HPRegen 0.94/turn               (no ring)
MPRegen 0.08/turn               (no ring)

@: no status effects
A: large, unfitting armour, claws 3, regeneration 1, shaggy fur 1, tough skin 1
a: no special abilities


You were on level 2 of the Dungeon.
You visited 1 branch of the dungeon, and saw 2 of its levels.

You collected 22 gold pieces.

Inventory:

Hand Weapons
 a - a +0 mace (weapon)
Missiles
 d - 22 stones (quivered)
 i - 23 arrows
Armour
 b - a +0 robe (worn)
Scrolls
 c - a scroll of silence {unknown}
 e - a scroll of noise {unknown}
Potions
 f - a potion of heal wounds {unknown}
 g - a potion of attraction {unknown}
 h - a potion of berserk rage {unknown}


   Skills:
 + Level 2.7 Fighting
 + Level 3.8 Maces & Flails
 + Level 2.8 Dodging
 + Level 1.1 Stealth


You had 3 spell levels left.
You didn't know any spells.
Your spell library was empty.

Dungeon Overview and Level Annotations

Branches:
Dungeon (2/15)

Altars:


Innate Abilities, Weirdness & Mutations

You are too large for most types of armour.
You have claws for hands.
Your natural rate of healing is unusually fast.
You are covered in fur. (AC +1)
You have tough skin. (AC +1)


Message History

The giant cockroach bites you but does no damage.
You closely miss the giant cockroach. The giant cockroach closely misses you.
The gnoll hits you but does no damage.
You thump the giant cockroach!
You kill the giant cockroach!
The gnoll hits you from afar with a +0 spear.
The giant cockroach bites you but does no damage.
Things that are here:
a murky dark potion; a giant cockroach corpse You closely miss the gnoll.
The giant cockroach barely misses you.
The gnoll hits you from afar with a +0 spear!
The giant cockroach barely misses you.
The gnoll hits you from afar with a +0 spear.
The giant cockroach bites you but does no damage.
The gnoll hits you with a +0 club. The gnoll hits you with a +0 spear.
You barely miss the gnoll. The giant cockroach closely misses you.
The gnoll hits you with a +0 club. The gnoll hits you with a +0 whip!
The gnoll hits you with a +0 spear.
* * * LOW HITPOINT WARNING * * *
You thump the gnoll!
The gnoll is severely wounded.
The giant cockroach bites you but does no damage.
The gnoll hits you with a +0 club.
* * * LOW HITPOINT WARNING * * *
The gnoll barely misses you. The gnoll hits you with a +0 spear.
* * * LOW HITPOINT WARNING * * *
The giant cockroach bites you but does no damage.
You sock the giant cockroach!
You kill the giant cockroach!
The gnoll hits you but does no damage. The gnoll barely misses you.
The gnoll hits you with a +0 spear.
* * * LOW HITPOINT WARNING * * *
The gnoll closely misses you. The gnoll barely misses you.
The gnoll closely misses you.
You see here a giant cockroach corpse.
The gnoll closely misses you. The gnoll hits you with a +0 whip.
* * * LOW HITPOINT WARNING * * *
The gnoll hits you with a +0 spear.
You die...

#.#
######............
#.#
##....##...........
#.#
##.....?##.†........
#.#
#?.......#..........
#.#
#........#.##.......
#.#
#.!......#..#.......
#.#
#..†.....##.....####
#.#
##gg.[..######..#
#.# ##@g..### #..###
#.# #.####.# ##>..##
#.##
#...##†########...
#..#
#...........).....
##.#
#<........######..
#.#
#...##.g..###.....
#.#
#...##.#..........
#.#
########..###.....
#.###### #..## ...


You could see 3 gnolls.

Vanquished Creatures
  An adder (D:2)
  5 ball pythons
  A bat (D:1)
  3 endoplasms
  12 giant cockroaches
  A goblin (D:1)
  4 hobgoblins
  3 jackals (D:1)
  5 quokkas (D:1)
  4 frilled lizards (D:1)
  12 kobolds
  4 rats (D:1)
55 creatures vanquished.

Vanquished Creatures (others)
  14 plants
14 creatures vanquished.

Grand Total: 69 creatures vanquished

Notes
Turn   | Place    | Note
-------+----------+-------------------------------------------
     0 | D:1      | issech the Troll Monk began the quest for the Orb.
     0 | D:1      | Reached XP level 1. HP: 22/22 MP: 0/0
   167 | D:1      | Reached skill level 3 in Maces & Flails
   167 | D:1      | Reached XP level 2. HP: 29/29 MP: 1/1
   463 | D:1      | Reached XP level 3. HP: 35/36 MP: 2/2
   926 | D:1      | Found a faded altar of an unknown god.
  1414 | D:2      | Reached XP level 4. HP: 44/44 MP: 3/3
  1531 | D:2      | HP: 2/44 [gnoll/+0 spear (3)]
  1534 | D:2      | Slain by a gnoll

Illustrated notes

Levels and vault maps discovered:
D:1:      dpeg_arrival_three_smaller_balls, layout_basic,
          hellmonk_ecumenical_altar_leap_of_faith, serial_forest,
          infiniplex_forest_lined_room_, infiniplex_forest_straight_3,
          infiniplex_forest_lined_3, infiniplex_forest_end_double,
          hangedman_decor_peaks_small, lexackson_kobold_supper
D:2:      minmay_roachtagon, layout_rooms, serial_shops, shop,
          nicolae_grassy_gnolls

Skill      XL: |  1 |
---------------+----+-----
Maces & Flails | 3 |  3.8
Fighting       | |  2.7
Dodging        | |  2.8
Stealth        | |  1.1

Action                   |  1- 3 |  4- 6 || total
-------------------------+-------+-------++-------
Melee: Mace              |   227 |    18 ||   245
       Punch             |     3 |       ||     3
Armor: Robe              |    69 |    11 ||    80
Dodge: Dodged            |   129 |    17 ||   146
